 Dungeon Crawl Stone Soup version 0.25.1-2-g60ff931df9 (webtiles) character file.

Game seed: 11246921492214286005

56 Morbidden the Ruffian (level 3, -3/29 HPs)
             Began as a Draconian Transmuter on Aug 8, 2020.
             Slain by Terence
             ... wielding a +2 vorpal flail
              (6 damage)
             ... on level 2 of the Dungeon.
             The game lasted 00:02:17 (2142 turns).

Morbidden the Ruffian (Draconian Transmuter)        Turns: 2142, Time: 00:02:17

Health: -3/29      AC:  5    Str: 13    XL:     3   Next: 69%
Magic:  5/6        EV: 12    Int: 13    God:
Gold:   70         SH:  0    Dex: 11    Spells: 1/7 levels left

rFire    . . .     SeeInvis .     - Unarmed
rCold    . . .     Gourm    .   (no shield)
rNeg     . . .     Faith    .   (armour unavailable)
rPois    .         Spirit   .   (helmet restricted)
rElec    .         Reflect  .   (no cloak)
rCorr    .         Harm     .   (no gloves)
MR       .....                  (no boots)
Stlth    +.........             (no amulet)
HPRegen  0.09/turn              (no ring)
MPRegen  0.10/turn              (no ring)

@: no status effects
A: unfitting armour, cold-blooded, AC +5
a: no special abilities


You were on level 2 of the Dungeon.
You were very hungry.

You visited 1 branch of the dungeon, and saw 2 of its levels.

You collected 70 gold pieces.

Inventory:

Missiles
 a - 11 arrows
Scrolls
 b - 2 scrolls of teleportation {unknown}
 e - a scroll of amnesia {unknown}
Potions
 d - a potion of heal wounds {unknown}
 f - a potion of might {unknown}
Comestibles
 c - 2 rations


   Skills:
 * Level 2.0 Fighting
 * Level 2.2 Dodging
 + Level 3.5 Unarmed Combat
 * Level 2.5 Spellcasting
 * Level 2.1 Transmutations


You had one spell level left.
You knew the following spells:

 Your Spells              Type           Power        Failure   Level  Hunger
a - Beastly Appendage     Tmut           #.....       10%         1    #......
b - Sticks to Snakes      Tmut           #.......     16%         2    ###....
c - Spider Form           Tmut/Pois      #.........   43%         3    ###....

Your spell library contained the following spells:

 Spells                   Type           Power        Failure   Level  Hunger
 Ice Form                 Ice/Tmut       #.......     83%         4    #####..
 Blade Hands              Tmut           #.........   95%         5    ######.


Dungeon Overview and Level Annotations

Branches:
Dungeon (2/15)

Altars:

Annotations:
D:2 Robin, Terence


Innate Abilities, Weirdness & Mutations

Your plain brown scales are hard. (AC +5)
You cannot fit into any form of body armour.
You are cold-blooded and may be slowed by cold attacks.


Message History

Unknown command.
Terence says, "Time to say good-bye..."
You swap places.
Your talons disappear.
Terence completely misses your ball python.
Your ball python bites Terence but does no damage.
Your ball python grabs Terence.
Your ball python constricts Terence.
Terence hits your ball python with a +2 vorpal flail!
Your ball python dies!
Unknown command.
Unknown command.
Terence screams, "I want your blood!" Terence misses you.
Terence barely misses you.
Terence hits you with a +2 vorpal flail.
Terence hits you with a +2 vorpal flail.
* * * LOW HITPOINT WARNING * * *
x2 Terence completely misses you.
Terence hits you with a +2 vorpal flail.
You die...

.......##### #..#
####.......# ##.##
####.......### #..#
.....).>.....# ##.#
.##.#......#.#####.#
....#.#....#....##.#
.####.#....####.##.#####
.#......#######..@.....#
..[####.#.......@......#
..### #.#..[...........#
....###................#
###..(.................#
#######...)..........######
#........###........##
#.......># #####.....#
#........# #######
#........#


You could see Terence (fast).

Vanquished Creatures
  2 adders
  An ooze (D:1)
  2 leopard geckos (D:1)
  A giant cockroach (D:1)
  7 goblins
  5 hobgoblins (D:1)
  5 kobolds
  4 bats (D:1)
  2 frilled lizards (D:1)
  A rat (D:1)
30 creatures vanquished.

Notes
Turn   | Place    | Note
-------+----------+-------------------------------------------
     0 | D:1      | Morbidden the Draconian Transmuter began the quest for the
                  | Orb.
     0 | D:1      | Reached XP level 1. HP: 16/16 MP: 3/3
   155 | D:1      | Reached XP level 2. HP: 23/23 MP: 3/5
   802 | D:1      | Reached XP level 3. HP: 28/28 MP: 6/6
  1060 | D:2      | Noticed Robin
  1374 | D:1      | Learned a level 2 spell: Sticks to Snakes
  1378 | D:1      | Learned a level 3 spell: Spider Form
  1624 | D:2      | Noticed Terence
  2142 | D:2      | Slain by Terence

Illustrated notes

Levels and vault maps discovered:
D:1:      psy_arrival_radial01, layout_basic, minivault_4
D:2:      layout_rooms, chequers_ecumenical_altar_lobes, minmay_tetromino_s4,
          uniq_robin, uniq_sigmund, uniq_terence

Skill      XL: |  1  2  3 |
---------------+----------+-----
Dodging        | 2 |  2.2
Fighting       | 2 |  2.0
Unarmed Combat | |  3.5
Spellcasting   | |  2.5
Transmutations | |  2.1

Action                   || total
-------------------------++-------
Melee: Unarmed           ||   101
       Tailslap          ||     7
       Headbutt          ||     5
       Kick              ||     5
 Cast: Beastly Appendage ||    20
       Sticks to Snakes  ||     1
  Eat: Chunk             ||     3
Armor: Skin              ||    49
Dodge: Dodged            ||    90
